 Dungeon Crawl Stone Soup version 0.20-a0-864-g92acfd1 (webtiles) character file.

63 polly the Gusty (level 3, 0/26 HPs)
             Began as a Draconian Air Elementalist on Mar 12, 2017.
             Slain by Terence
             ... wielding a +4 hand axe of electrocution
              (13 damage)
             ... on level 2 of the Dungeon.
             The game lasted 00:04:42 (2015 turns).

polly the Gusty (Draconian Air Elementalist)        Turns: 2015, Time: 00:04:43

Health: 0/26       AC:  5    Str: 10    XL:     3   Next: 89%
Magic:  0/6        EV: 12    Int: 16    God:
Gold:   60         SH:  0    Dex: 11    Spells: 5/6 levels left

rFire    . . .     SeeInvis .   (no weapon)
rCold    . . .     Gourm    .   (armour unavailable)
rNeg     . . .     Faith    .   (no shield)
rPois    .         Spirit   .   (helmet restricted)
rElec    .         Reflect  .   (no cloak)
rCorr    .         Harm     .   (no gloves)
MR       .....                  (no boots)
Stlth    ++........             (no amulet)
Regen    0.1/turn               (no ring)
MPRegen  0.1/turn               (no ring)

@: very slightly contaminated
A: unfitting armour, cold-blooded, AC +5
a: no special abilities


You were on level 2 of the Dungeon.
You were hungry.

You visited 1 branch of the dungeon, and saw 2 of its levels.

You collected 60 gold pieces.

Inventory:

Scrolls
 d - 2 scrolls of identify {unknown}
 g - a scroll of enchant weapon {unknown}
 i - a scroll of immolation {unknown}
 k - 2 scrolls of teleportation {unknown}
 m - a scroll of fog {unknown}
 o - a scroll of magic mapping {unknown}
Potions
 c - a potion of haste {unknown}
 e - a potion of agility {unknown}
 f - a potion of invisibility {unknown}
 h - a potion of degeneration {unknown}
 n - 2 potions of brilliance {unknown}
Books
 a - a book of Air

   Spells                             Type                      Level
   a - Shock                          Conjuration/Air              1
   b - Swiftness                      Charms/Air                   2
   c - Static Discharge               Conjuration/Air              3
   d - Airstrike                      Air                          4
   e - Lightning Bolt                 Conjuration/Air              5
Comestibles
 b - a bread ration
 j - a meat ration
 l - a royal jelly


   Skills:
 + Level 2.1 Dodging
 + Level 1.8 Stealth
 + Level 0.4 Unarmed Combat
 + Level 2.3 Spellcasting
 + Level 2.0 Conjurations
 + Level 3.8 Air Magic


You had 5 spell levels left.
You knew the following spells:

 Your Spells              Type           Power        Failure   Level  Hunger
a - Shock                 Conj/Air       ##..         8%          1    #......


Dungeon Overview and Level Annotations

Branches:
Dungeon (2/15)

Altars:
Trog

Annotations:
D:2 Terence


Innate Abilities, Weirdness & Mutations

Your plain brown scales are hard. (AC +5)
You cannot fit into any form of body armour.
You are cold-blooded and may be slowed by cold attacks.


Message History

Confirm with . or Enter, or press ? or * to list all spells.
Aiming: Shock
Press: ? - help, Shift-Dir - straight line, f/p - Terence
Aim: Terence, wielding a hand axe of electrocution and wearing a scale mail (lightly wounded)
You miscast Shock.
The air around you crackles with energy!
The jackal barks!
Terence hits you but does no damage.
You hit Terence but do no damage.
Terence is lightly wounded.
You closely miss Terence.
Terence is lightly wounded.
Terence says, "Time to say good-bye..."
Terence hits you but does no damage.
You are electrocuted!
You closely miss Terence.
Terence is lightly wounded.
Terence hits you with a hand axe of electrocution.
You are electrocuted!
Ouch! That really hurt!
You die...

....#
##...........'.._###.#
#####
#.####......###.###.#
####...# #.# #.#
#...###'###.#
#......)....#
#.........###
#......)..#
..#####.........#
..hhhh@@........#
..#####.........#
#.........########
#...†.............
###.#####.######## #.#
#.# #.# #.# #.# #.#
#.# #.#


You could see Terence and 4 jackals.

Vanquished Creatures
  An adder (D:2)
  3 oozes
  2 dart slugs
  2 giant cockroaches
  8 goblins
  4 hobgoblins
  5 bats
  2 frilled lizards
  4 kobolds (D:1)
  8 rats
39 creatures vanquished.

Notes
Turn   | Place    | Note
-------+----------+-------------------------------------------
     0 | D:1      | polly the Draconian Air Elementalist began the quest for the Orb.
     0 | D:1      | Reached XP level 1. HP: 14/14 MP: 3/3
   531 | D:1      | Reached XP level 2. HP: 20/20 MP: 0/5
   890 | D:1      | Reached XP level 3. HP: 25/26 MP: 2/6
  1470 | D:2      | Found a bloodstained altar of Trog.
  2006 | D:2      | Noticed Terence
  2015 | D:2      | Slain by Terence

Vault maps used:
D:1:      saegor_arrival_simple_e, kennysheep_decorative_pillar,
          nrook_loot_triangle
D:2:      lemuel_doored_altar, first_bread, uniq_terence

Skill      XL: |  1  2  3 |
---------------+----------+-----
Dodging        | 2 |  2.1
Conjurations   | 2 |  2.0
Stealth        | |  1.8
Unarmed Combat | |  0.4
Spellcasting   | |  2.3
Air Magic      | |  3.8

Action                   || total
-------------------------++-------
Melee: Unarmed           ||    62
       Tailslap          ||     5
 Cast: Shock             ||    90
  Eat: Chunk             ||     4
Armor: Skin              ||    31
Dodge: Dodged            ||    49
